 Dungeon Crawl Stone Soup version 0.26-a0-542-gbaa144ba5c (webtiles) character file.

Game seed: 13686398051532942639

310 Eifo4Ohj9gu9Dob0ohLe the Shield-Bearer (level 6, -3/41 HPs)
             Began as a Gargoyle Fighter on Aug 17, 2020.
             Was a Follower of Kikubaaqudgha.
             Slain by an iguana (9 damage)
             ... on level 4 of the Dungeon.
             The game lasted 00:23:39 (3969 turns).

Eifo4Ohj9gu9Dob0ohLe the Shield-Bearer (GrFi)       Turns: 3969, Time: 00:23:40

Health: -3/41      AC: 11    Str: 22    XL:     6   Next: 41%
Magic:  6/6        EV:  8    Int:  8    God:    Kikubaaqudgha [*.....]
Gold:   141        SH:  9    Dex:  9    Spells: 4/5 levels left

rFire    . . .     SeeInvis .   a - +0 flail
rCold    . . .     Faith    .   c - +0 kite shield
rNeg     + . .     Spirit   .   b - +0 scale mail
rPois    ∞         Reflect  .   (no helmet)
rElec    +         Harm     .   (no cloak)
rCorr    .                      (no gloves)
MR       .....                  (no boots)
Stlth    +.........             (no amulet)
HPRegen  0.00/turn              (no ring)
MPRegen  0.10/turn              (no ring)

@: no status effects
A: camouflage 1, negative energy resistance 1, robust 1, electricity resistance,
inhibited regeneration, unbreathing, petrification resistance, rot immunity, AC
+4
a: Receive Corpses, Renounce Religion


You were on level 4 of the Dungeon.
You worshipped Kikubaaqudgha.
Kikubaaqudgha was aware of your devotion.
You visited 1 branch of the dungeon, and saw 4 of its levels.

You collected 141 gold pieces.

Inventory:

Hand Weapons
 a - a +0 flail (weapon)
 q - a +0 hand axe
 t - a +1 flail of protection
Armour
 b - a +0 scale mail (worn)
 c - a +0 kite shield (worn)
 e - a +0 helmet
 k - a +0 pair of boots
 p - a +0 chain mail
 r - a +3 ring mail of fire resistance
 u - a +0 cloak
Jewellery
 s - an uncursed amulet of magic regeneration
Wands
 y - a wand of polymorph (5)
Scrolls
 f - 2 scrolls of enchant armour {unknown}
 g - 2 scrolls of teleportation
 h - 3 scrolls of remove curse {unknown}
 i - 4 scrolls of blinking {unknown}
 j - 2 scrolls of fear {unknown}
 l - 8 scrolls of identify
 v - 2 scrolls of amnesia {unknown}
 x - a scroll of fog {unknown}
Potions
 d - 2 potions of might
 m - a potion of stabbing
 n - a potion of lignification {unknown}
 o - a potion of haste {unknown}
 w - a potion of heal wounds
 z - a potion of invisibility


   Skills:
 + Level 4.2 Fighting
 + Level 4.3 Maces & Flails
 + Level 4.2 Armour
 + Level 1.1 Dodging
 + Level 1.0 Stealth
 + Level 4.4 Shields


You had 4 spell levels left.
You knew the following spells:

 Your Spells              Type           Power        Failure   Level
a - Animate Skeleton      Necr           #.....       99%         1

Your spell library contained the following spells:

 Spells                   Type           Power        Failure   Level
 Pain                     Necr           #...         99%         1
 Corpse Rot               Necr/Air       N/A          100%        2
 Vampiric Draining        Necr           #.........   100%        3


Dungeon Overview and Level Annotations

Branches:
Dungeon (4/15)
 Temple: D:4-7

Altars:
Fedhas
Kikubaaqudgha
Ru


Innate Abilities, Weirdness & Mutations

You are resistant to torment.
Your stone body is resilient. (AC +4)
You are immune to poison.
You resist negative energy. (rN+)
You are resistant to electric shocks. (rElec)
You can survive without breathing.
You are immune to petrification.
You are immune to rotting.
Your skin changes colour to match your surroundings (Stealth+).
You are robust. (+10% HP)
You do not regenerate when monsters are visible.


Message History

The iguana bites you but does no damage.
The leopard gecko closely misses you. The iguana bites you!
You barely miss the leopard gecko.
The leopard gecko is heavily wounded.
The leopard gecko closely misses you. The iguana bites you.
* * * LOW HITPOINT WARNING * * *
You barely miss the leopard gecko.
The leopard gecko is heavily wounded.
The leopard gecko barely misses you. The iguana bites you.
* * * LOW HITPOINT WARNING * * *
The leopard gecko misses you.
You closely miss the leopard gecko.
The leopard gecko is heavily wounded.
You block the iguana's attack.
The leopard gecko bites you but does no damage.
You barely miss the leopard gecko.
The leopard gecko is heavily wounded.
You block the leopard gecko's attack. The iguana bites you!
You die...
Kikubaaqudgha rasps: "You have failed me!
Welcome... oblivion!"

# #.##......###....#..#
#.#.###.##'#......###.[..##
#.......##.###......###...#
.........#...###......###.#
....####.###...###......#'#
... #.#/###...###.....[#
....####.#...##..##......##
# #......# #..l.##......###
...####.# ##.@##......##.#
##.####.#...l##......##..#
........##..##......##..##
#######.#..##......##....#
........#.##......##..##.#
#######.###......##....###
#######.##......##.†##...#
........#......###...###.#
#######.#'#......###...###


You could see an iguana and a leopard gecko.

Vanquished Creatures
  A hound (D:4)
  An orc priest (D:3)
  An orc wizard (D:3)
  A worker ant (D:4)
  Terence (D:2)
  5 adders
  3 oozes
  2 adder skeletons (D:4)
  2 dart slugs
  4 worms (D:2)
  2 leopard geckos
  10 orcs
  5 giant cockroaches
  10 goblins
  4 hobgoblins
  3 jackals (D:3)
  4 quokkas
  7 bats
  3 frilled lizards
  7 kobolds
  A leopard gecko skeleton (D:4)
  7 rats
84 creatures vanquished.

Vanquished Creatures (others)
  An orc wizard (D:3)
1 creature vanquished.

Grand Total: 85 creatures vanquished

Notes
Turn   | Place    | Note
-------+----------+-------------------------------------------
     0 | D:1      | Eifo4Ohj9gu9Dob0ohLe the Gargoyle Fighter began the quest
                  | for the Orb.
     0 | D:1      | Reached XP level 1. HP: 14/14 MP: 1/1
   249 | D:1      | Reached XP level 2. HP: 19/20 MP: 2/2
   984 | D:2      | Reached XP level 3. HP: 14/24 MP: 3/3
  1304 | D:2      | Gained mutation: You are robust. (+10% HP) [potion of
                  | mutation]
  1304 | D:2      | Gained mutation: You do not regenerate when monsters are
                  | visible. [potion of mutation]
  1304 | D:2      | Gained mutation: Your skin changes colour to match your
                  | surroundings (Stealth+). [potion of mutation]
  1415 | D:2      | Found a sacrificial altar of Ru.
  1889 | D:2      | Reached XP level 4. HP: 31/31 MP: 4/4
  1915 | D:2      | Noticed Terence
  1927 | D:2      | Killed Terence
  2217 | D:3      | Reached XP level 5. HP: 32/36 MP: 5/5
  2245 | D:3      | Found a faded altar of an unknown god.
  2322 | D:3      | Reached skill level 1 in Stealth
  2797 | D:3      | Reached skill level 1 in Dodging
  3034 | D:3      | Found a blossoming altar of Fedhas.
  3331 | D:3      | Reached XP level 6. HP: 41/41 MP: 6/6
  3365 | D:3      | Became a worshipper of Kikubaaqudgha
  3365 | D:3      | Reached * piety under Kikubaaqudgha
  3365 | D:3      | Identified Kikubaaqudgha's Guide on Dark Arts
                  | (Kikubaaqudgha gifted it to you on level 3 of the Dungeon)
  3365 | D:3      | Received a gift from Kikubaaqudgha
  3375 | D:3      | Learned a level 1 spell: Animate Skeleton
  3969 | D:4      | Slain by an iguana

Illustrated notes

Levels and vault maps discovered:
D:1:      dpeg_arrival_oval, layout_basic, st_stairs_5
D:2:      layout_loops_ring, nicolae_overflow_crystal_walls, uniq_terence
D:3:      layout_loops_cross, fedhas_altar_fruit_tree,
          chequers_ecumenical_altar_twisty, ebering_dispersal_statue_hall,
          minmay_misc_feat_iff
D:4:      minmay_razor_zed, layout_basic, kennysheep_decorative_pillar

Skill      XL: |  1  2  3  4  5  6 |
---------------+-------------------+-----
Maces & Flails | 3 4 |  4.3
Fighting       | 4 |  4.2
Stealth        | 1 |  1.0
Shields        | 4 |  4.4
Dodging        | 1 |  1.1
Armour         | 4 |  4.2

Action                   |  1- 3 |  4- 6 || total
-------------------------+-------+-------++-------
Melee: Flail             |   159 |   250 ||   409
  Use: Potion            |     5 |     1 ||     6
       Scroll            |       |     2 ||     2
 Stab: Sleeping          |     2 |     1 ||     3
Armor: Scale mail        |    83 |   114 ||   197
Dodge: Dodged            |    64 |    74 ||   138
Block: Kite shield       |   105 |   136 ||   241

Table legend: (Time is in decaauts)
 A = Elapsed time spent in this place.
 B = Non-inter-level travel time spent in this place.
 C = Inter-level travel time spent in this place.
 D = Time resting spent in this place.
 E = Time spent auto-exploring this place.
 F = Levels seen in this place.
 G = Mean time per level.
                   A        B        C        D        E       F      G
               +--------+--------+--------+--------+--------+-----+--------+
         Total |   4105 |   4040 |     65 |   1000 |    841 |   4 | 1026.2 |
       Dungeon |   4105 |   4040 |     65 |   1000 |    841 |   4 | 1026.2 |
               +--------+--------+--------+--------+--------+-----+--------+

Top non-repeatable levels by time:
     D:3: 1301 daAuts
     D:2: 1264 daAuts
     D:1: 963 daAuts
     D:4: 575 daAuts
